 Dungeon Crawl Stone Soup version 0.31.0-11-ge490571c62 (webtiles) character file.

Game seed: 7971978385906852256

419 Gadfly the Ducker (level 6, 0/48 HPs)
             Began as a Merfolk Monk on Jan 27, 2024.
             Slain by an iron imp (9 damage)
             ... on level 4 of the Dungeon.
             The game lasted 00:05:36 (3662 turns).

Gadfly the Ducker (Merfolk Monk)                    Turns: 3662, Time: 00:05:37

Health: 0/48       AC:  8    Str: 14    XL:     6   Next: 93%
Magic:  8/8        EV: 14    Int:  9    God:
Gold:   206        SH:  0    Dex: 16    Spells: 5/5 levels left

rFire   . .          .
                       - Unarmed
rCold   . . .        (no shield)
rNeg    . . .        a - +1 robe
rPois   +            (no helmet)
rElec   .            (no cloak)
rCorr   .            r - +0 pair of gloves
SInv    .            (no boots)
Will    .....        (no amulet)
Stlth   +            d - +4 ring of protection
HPRegen 0.28/turn    j - ring of poison resistance
MPRegen 0.11/turn

%: no passive effects
@: no status effects
A: (nimble swimmer 2), mertail
a: no special abilities


You were on level 4 of the Dungeon.
You visited 1 branch of the dungeon, and saw 4 of its levels.

You collected 206 gold pieces.

Inventory:

Hand Weapons
 b - a +2 whip of draining
Missiles
 o - a throwing net (quivered)
Armour
 a - a +1 robe (worn)
 c - an orb of light
 r - a +0 pair of gloves (worn)
Jewellery
 d - a +4 ring of protection (left hand)
 j - a ring of poison resistance (right hand)
Talismans
 l - a serpent talisman
Scrolls
 n - a scroll of immolation {unknown}
 q - a scroll of fear {unknown}
 s - a scroll of fog {unknown}
Potions
 e - a potion of mutation
 f - a potion of curing
 g - a potion of ambrosia
 h - 2 potions of haste
 i - a potion of degeneration {unknown}
 k - a potion of attraction {unknown}
 m - a potion of heal wounds {unknown}
 p - a potion of resistance {unknown}


   Skills:
 + Level 4.0 Fighting
 + Level 4.9 Dodging
 * Level 4.8 Unarmed Combat
 * Level 3.0 Invocations
 * Level 2.8 Evocations
 * Level 3.2 Shapeshifting


You had 5 spell levels left.
You didn't know any spells.
Your spell library contained the following spells:

 Spells                   Type           Power      Damage    Failure   Level
 Apportation              Tloc           0%         N/A       38%         1
 Necrotise                Necr           0%         1d4       38%         1
 Sting                    Conj/Alch      0%         1d3       38%         1
 Summon Small Mammal      Summ           0%         N/A       38%         1
 Call Imp                 Summ           0%         N/A       52%         2
 Sublimation of Blood     Necr           0%         N/A       52%         2
 Summon Hydra             Summ           0%         N/A       100%        7


Dungeon Overview and Level Annotations

Branches:
Dungeon (4/15)
 Temple: D:4-7

Altars:
Makhleb
Okawaru


Innate Abilities, Weirdness & Mutations

((You are very nimble when in or above water. (Stealth+, EV+, Speed+++)))
Your lower body shifts to a powerful aquatic tail in water.


Message History

The iron imp hits you.
You barely miss the iron imp.
The iron imp is severely wounded.
The iron imp barely misses you.
You hit the iron imp.
The iron imp is severely wounded.
The iron imp hits you but does no damage.
The iron imp barely misses you.
You hit the iron imp but do no damage. Your punch misses the iron imp.
The iron imp is severely wounded.
The iron imp hits you.
You hit the iron imp.
The iron imp is almost dead.
The iron imp closely misses you. The iron imp hits you.
You hit the iron imp but do no damage.
The iron imp is almost dead.
The iron imp hits you.
You hit the iron imp but do no damage.
The iron imp is almost dead.
The iron imp misses you. The iron imp hits you.
You hit the iron imp.
The iron imp is almost dead.
The iron imp barely misses you.
You hit the iron imp.
You kill the iron imp!
Your Fighting skill increases to level 4!
The iron imp hits you!
* * * LOW HITPOINT WARNING * * *
You hit the iron imp but do no damage.
You punch the iron imp, but do no damage.
The iron imp misses you.
You hit the iron imp but do no damage. You barely miss the iron imp.
The iron imp closely misses you.
You punch the iron imp!
The iron imp is heavily wounded.
The iron imp closely misses you.
You hit the iron imp.
The iron imp is heavily wounded.
The iron imp hits you!
You die...

########
###.......
#.........
#.≈≈≈≈≈≈≈≈
##########
#.≈.......
.........#
#...###.#.
......≈≈5#
#.≈.#...#.
..._...≈≈@#
#.≈.#._.#.
≈.......≈≈.#
#.≈.#...#.
#..≈≈.....§≈..#
#.≈.#.###.
#.§.≈§≈.§§§...#
#.≈.......
#..§.§≈8§≈§...#
#.≈≈≈≈≈≈≈≈
#....§.≈§.§...#
#.........
#.......§§....#
#..##...##
#.............#
##......##
#.............###
####.....


You could see an iron imp.

Vanquished Creatures
  Blork the orc (D:4)
  A scorpion (D:4)
  2 iron imps (D:4)
  An iguana (D:4)
  Natasha (thrice) (D:3)
  6 adders
  A dart slug (D:2)
  4 ribbon worms
  An orc (D:3)
  9 bats
  4 endoplasms
  4 giant cockroaches
  5 goblins
  3 hobgoblins (D:2)
  10 jackals
  8 kobolds
  A quokka (D:1)
  7 ball pythons
  3 frilled lizards
  7 rats
81 creatures vanquished.

Notes
Turn   | Place    | Note
-------+----------+-------------------------------------------
     0 | D:1      | Gadfly the Merfolk Monk began the quest for the Orb.
     0 | D:1      | Reached XP level 1. HP: 18/18 MP: 1/1
   272 | D:1      | Reached XP level 2. HP: 13/24 MP: 2/2
   509 | D:1      | Reached skill level 1 in Invocations
   513 | D:1      | Reached skill level 1 in Shapeshifting
   571 | D:1      | Reached XP level 3. HP: 25/29 MP: 3/3
   655 | D:1      | Found a faded altar of an unknown god.
  1015 | D:2      | Reached skill level 1 in Evocations
  1214 | D:2      | Reached XP level 4. HP: 35/35 MP: 5/5
  2482 | D:3      | Noticed Natasha
  2507 | D:3      | Killed Natasha
  2508 | D:3      | Reached XP level 5. HP: 32/41 MP: 6/6
  2629 | D:3      | Noticed Natasha
  2640 | D:3      | Killed Natasha
  2712 | D:3      | Noticed Natasha
  2732 | D:3      | Killed Natasha
  3260 | D:4      | Reached XP level 6. HP: 31/48 MP: 7/7
  3440 | D:4      | Noticed Blork the orc
  3452 | D:4      | Killed Blork the orc
  3547 | D:4      | Found an iron altar of Okawaru.
  3620 | D:4      | Found a burning altar of Makhleb.
  3662 | D:4      | Slain by an iron imp

Illustrated notes

Levels and vault maps discovered:
D:1:      matt_arrival_spirals, layout_basic, ebering_ecumenical_altar_rust,
          nicolae_twisty_statue_hallways
D:2:      layout_basic, minmay_misc_feat_tiny
D:3:      layout_basic, uniq_natasha
D:4:      layout_basic, demons_altar, mainiacjoe_overflow_brackets,
          grunt_ministairs_4, chequers_serial_rivers_room_b, minmay_misc_feat_x,
          uniq_blork_the_orc

Skill      XL: |  1  2  3  4  5  6 |
---------------+-------------------+-----
Invocations    | 1 2 3 |  3.0
Shapeshifting  | 1 2 3 |  3.2
Evocations     | 1 2 |  2.8
Unarmed Combat | 4 |  4.8
Fighting       | 4 |  4.0
Dodging        | |  4.9

Action                     |  1- 3 |  4- 6 || total
---------------------------+-------+-------++-------
  Melee: Whip              |   102 |   174 ||   276
         Unarmed           |     2 |    31 ||    33
         Punch             |     1 |     6 ||     7
    Use: Scroll            |     2 |     4 ||     6
         Potion            |     1 |       ||     1
   Stab: Sleeping          |       |     4 ||     4
 Armour: Robe              |    65 |   139 ||   204
  Dodge: Dodged            |    87 |   160 ||   247
